AoeStats
← IdliDosa

Arabia

507095548Analyzed
4v4 RM · 16d ago on Sep 16, 2026· 48m 47s· 8 players
Game mode
Random Map
Map size
Large (8 player)
Population
200
Speed
Normal
Resources
Standard
Victory
Conquest
Starting age
Dark Age
Ending age
Imperial Age
RankedLock teamsTeams togetherTeam positionsShared explorationLock speedFull tech treeHidden civsTurbo modeCheats
Victory
Defeat
🇨🇳 Vietnamese · China
1256
+14
🇧🇩 Britons · Bangladesh
1243
+14
🇮🇳 Magyars · India
1223
+15
🇧🇩 Khmer · Bangladesh
1208
+24
🇨🇳 Koreans · China
1252
-17
🇨🇴 Ethiopians · Colombia
1215
-15
🇬🇧 Shu · United Kingdom
1194
-14
🇹🇷 Muisca · Türkiye
1135
-12
zachhalil
7:01 Loom
9:14 Feudal Age
9:37 Horse Collar
9:46 Double-Bit Axe
16:17 Fletching
22:49 Padded Archer Armor
25:09 Castle Age
29:10 Heavy Plow
30:48 Wheelbarrow
31:04 Bodkin Arrow
31:21 Scale Mail Armor
31:40 Pikeman
34:29 Elite Skirmisher
35:15 Thumb Ring
35:45 Chain Mail Armor
37:12 Leather Archer Armor
40:04 Town Watch
40:35 Hand Cart
42:32 Ballistics
45:10 Imperial Age
45:52 Bracer
46:44 Conscription
Cezalandırıcı
8:53 Loom
10:41 Feudal Age
21:07 Castle Age
19:29 Double-Bit Axe
19:44 Horse Collar
20:57 Fletching
21:40 Padded Archer Armor
22:26 Crossbowman
28:37 Pikeman
30:33 Bow Saw
34:33 Scale Mail Armor
34:31 Bodkin Arrow
36:24 Squires
julianSD7
8:26 Loom
11:40 Feudal Age
13:11 Double-Bit Axe
16:06 Castle Age
15:39 Horse Collar
18:59 Wheelbarrow
20:29 Scale Mail Armor
25:15 Chain Mail Armor
28:39 Hand Cart
30:54 Fletching
31:15 Forging
31:48 Bodkin Arrow
33:41 Squires
36:38 Bow Saw
37:24 Town Watch
40:26 Imperial Age
38:19 Town Patrol
39:52 Gold Mining
39:53 Stone Mining
40:05 Heavy Plow
41:12 Iron Casting
40:38 Padded Archer Armor
41:33 Conscription
41:15 Torsion Engines
42:18 Chemistry
41:39 Ballistics
41:25 Siege Engineers
41:31 Masonry
41:08 Elite Skirmisher
41:54 Thumb Ring
41:16 Light Cavalry
41:56 Husbandry
42:03 Scale Barding Armor
41:59 Bracer
42:19 Murder Holes
42:15 Halberdier
43:26 Plate Mail Armor
43:57 Blast Furnace
43:13 Leather Archer Armor
43:50 Gold Shaft Mining
43:50 Stone Shaft Mining
44:56 Two-Man Saw
44:47 Chain Barding Armor
44:34 Hussar
46:15 Ring Archer Armor
45:58 Crossbowman
Chongyass
7:22 Loom
9:46 Feudal Age
10:29 Double-Bit Axe
25:47 Fletching
33:02 Castle Age
45:08 Wheelbarrow
46:00 Horse Collar
IdliDosa
6:44 Loom
9:09 Feudal Age
10:11 Double-Bit Axe
10:27 Horse Collar
15:22 Scale Barding Armor
22:06 Castle Age
20:23 Gold Mining
21:22 Bloodlines
22:52 Husbandry
22:13 Light Cavalry
23:19 Chain Barding Armor
24:40 Heavy Plow
24:51 Bow Saw
26:34 Wheelbarrow
28:47 Gold Shaft Mining
31:00 Town Watch
31:25 Stone Mining
33:18 Hand Cart
39:22 Imperial Age
39:48 Corvinian Army
39:27 Cavalier
40:52 Crop Rotation
40:48 Conscription
41:55 Plate Barding Armor
41:52 Fervor
42:03 Sanctity
41:34 Elite Magyar Huszar
42:50 Paladin
44:21 Hoardings
45:41 Hussar
ChayanDB
6:47 Loom
9:24 Feudal Age
9:54 Double-Bit Axe
10:21 Horse Collar
16:09 Scale Barding Armor
18:11 Forging
21:40 Bloodlines
24:00 Castle Age
24:03 Light Cavalry
25:05 Chain Barding Armor
25:15 Husbandry
25:23 Heavy Plow
25:35 Bow Saw
26:40 Iron Casting
31:17 Wheelbarrow
32:26 Gold Mining
36:34 Gold Shaft Mining
35:50 Stone Mining
38:58 Imperial Age
39:33 Stone Shaft Mining
39:07 Cavalier
40:27 Plate Barding Armor
41:11 Blast Furnace
41:02 Hand Cart
44:42 Padded Archer Armor
44:32 Fletching
48:48 Bodkin Arrow
OceaN X
2:45 Loom
10:11 Feudal Age
14:57 Fletching
18:39 Horse Collar
21:07 Wheelbarrow
22:55 Double-Bit Axe
26:04 Castle Age
25:47 Gold Mining
26:08 Padded Archer Armor
26:20 Crossbowman
27:06 Thumb Ring
27:34 Bow Saw
27:12 Town Watch
29:23 Ballistics
29:09 Bodkin Arrow
32:08 Leather Archer Armor
33:18 Stone Mining
37:25 Hand Cart
39:47 Imperial Age
38:10 Stone Shaft Mining
40:10 Town Patrol
40:14 Arbalester
40:56 Bracer
42:19 Chemistry
41:01 Treadmill Crane
41:18 Murder Holes
43:39 Sanctity
45:32 Two-Man Saw
45:12 Ring Archer Armor
44:48 Scale Barding Armor
44:54 Forging
46:32 Paper Money
46:14 Chatras
46:18 Husbandry
46:29 Bloodlines
45:40 Light Cavalry
48:07 Chain Barding Armor
48:23 Iron Casting
48:26 Arrowslits
48:32 Guard Tower
AoBD I Ruman
6:31 Loom
8:53 Feudal Age
9:50 Double-Bit Axe
13:12 Fletching
16:25 Padded Archer Armor
21:17 Castle Age
19:22 Gold Mining
19:45 Horse Collar
22:07 Wheelbarrow
21:20 Crossbowman
22:07 Bodkin Arrow
28:25 Stone Mining
31:54 Hand Cart
31:24 Town Watch
36:21 Imperial Age
33:52 Town Patrol
34:19 Heavy Plow
34:31 Bow Saw
36:34 Ballistics
37:03 Town Patrol
37:51 Bracer
40:21 Gold Shaft Mining
41:43 Scale Barding Armor
41:40 Husbandry
41:00 Light Cavalry
43:12 Chain Barding Armor
43:28 Conscription
43:44 Hoardings
43:32 Forging
45:43 Plate Barding Armor
45:44 Iron Casting
47:09 Yeomen
48:05 Chemistry
47:05 Arbalester
48:45 Leather Archer Armor
Connection lost

Rejoining the realm…

Still unreachable

The connection could not be restored.

Session expired

The server has moved on; the page needs a fresh start.